 Dungeon Crawl Stone Soup version 0.23.2-40-g277498a001 (webtiles) character file.

Game seed: 8438952964111780942

604 Snilbus the Zephyrmancer (level 7, -3/32 HPs)
             Began as a Tengu Air Elementalist on Sept 10, 2019.
             Was an Initiate of Hepliaklqana.
             Slain by Menkaure (9 damage)
             ... on level 4 of the Dungeon on Sept 11, 2019.
             The game lasted 01:54:36 (6823 turns).

Snilbus the Zephyrmancer (Tengu Air Elementalist)   Turns: 6823, Time: 01:54:37

Health: -3/32      AC:  2    Str:  8    XL:     7   Next: 42%
Magic:  8/11       EV: 13    Int: 17    God:    Hepliaklqana [......]
Gold:   187        SH:  0    Dex: 15    Spells: 4/10 levels left

rFire    . . .     SeeInvis .   B - +2 club
rCold    . . .     Gourm    .   (no shield)
rNeg     . . .     Faith    .   u - +0 robe
rPois    .         Spirit   .   (helmet restricted)
rElec    .         Reflect  .   (no cloak)
rCorr    .         Harm     .   (no gloves)
MR       .....                  (boots unavailable)
Stlth    ++........             (no amulet)
HPRegen  0.10/turn              (no ring)
MPRegen  0.12/turn              (no ring)

@: no status effects
A: reduced essence, beak, talons 3, able to fly
a: Fly, Recall Ancestor, Ancestor Identity, Renounce Religion


You were on level 4 of the Dungeon.
You worshipped Hepliaklqana.
Hepliaklqana was noncommittal.
You were not hungry.

You visited 2 branches of the dungeon, and saw 5 of its levels.

You collected 187 gold pieces.

Inventory:

Hand Weapons
 c - a +0 whip
 g - a +0 short sword
 j - a +0 club
 m - a +0 hand axe
 B - a +2 club (weapon)
Armour
 a - a +0 robe
 n - a +0 ring mail
 t - a +0 robe
 u - a +0 robe (worn)
 x - a +0 pair of boots
 A - a +4 ring mail of cold resistance
Wands
 z - a wand of flame (15)
Scrolls
 b - 3 scrolls of amnesia
 f - 5 scrolls of remove curse
 l - a scroll of fog
 v - 2 scrolls of enchant armour {unknown}
 w - 2 scrolls of immolation {unknown}
 y - a scroll of teleportation {unknown}
Potions
 d - 2 potions of curing
 e - 2 potions of berserk rage {unknown}
 h - 2 potions of flight
 i - 2 potions of invisibility {unknown}
 k - 2 potions of resistance
 q - a potion of heal wounds {unknown}
 r - 2 potions of lignification {unknown}
 s - a potion of brilliance {unknown}
 C - 2 potions of haste {unknown}
Comestibles
 o - 10 rations


   Skills:
 - Level 2.1 Dodging
 - Level 2.0 Stealth
 - Level 2.0 Spellcasting
 + Level 7.2 Conjurations
 + Level 8.2 Air Magic


You had 4 spell levels left.
You knew the following spells:

 Your Spells              Type           Power        Failure   Level  Hunger
a - Shock                 Conj/Air       ####         1%          1    #......
b - Swiftness             Chrm/Air       ###.....     5%          2    ###....
c - Static Discharge      Conj/Air       ####....     2%          3    ###....

Your spell library contained the following spells:

 Spells                   Type           Power        Failure   Level  Hunger
 Airstrike                Air            ####......   6%          4    #####..
 Lightning Bolt           Conj/Air       ####......   22%         5    ######.


Dungeon Overview and Level Annotations

Branches:
Dungeon (4/15)             Temple (1/1) D:4

Altars:
Ashenzari
Cheibriados
Dithmenos
Gozag
Hepliaklqana
Kikubaaqudgha
Nemelex Xobeh
Okawaru
Ru
Sif Muna
Uskayaw
Vehumet
Wu Jian
Yredelemnul
The Shining One

Annotations:
D:4 Menkaure


Innate Abilities, Weirdness & Mutations

You have a beak for a mouth.
You have claws for feet.
You can fly continuously.
Your life essence is reduced to manifest your ancestor. (-10% HP)


Message History

Your body is wracked with pain!
You now have 187 gold pieces (gained 13).
Menkaure casts a spell.
Menkaure seems to speed up.
Menkaure casts a spell at you. Pain shoots through your body!
* * * LOW HITPOINT WARNING * * *
Peepee Poopoo barely misses Menkaure.
Menkaure closely misses you.
Peepee Poopoo hits Menkaure.
Okay, then.
Okay, then.
That item cannot be evoked!
Press: ? - help, v - describe, . - travel The floor.
Menkaure hums a few words.
Things that are here:
a cursed +0 scale mail; a +2 flail of draining
There is an escape hatch in the ceiling here.
Menkaure hits you!
You die...

.§§^.^ #§##.#
#.##.######
####'##......#
#............# #
#...[........# #
#........##### #
##...R....# #
#.@M......# #####
#####......†.# #....
#............#####.###
#.....................
#.........###......###
#.........# #...#### #
#.........# #...##.# #
###'####### #...##.###
#.##### #...##.#.#


You could see the friendly Peepee Poopoo the ancestor and Menkaure.

Vanquished Creatures
  Edmund (D:4)
  2 howler monkeys (D:4)
  A centaur skeleton (D:4)
  A hound (D:4)
  Jessica (D:2)
  An orc wizard (D:3)
  2 worker ants (D:4)
  Ijyb (D:4)
  Robin (D:2)
  6 adders
  An ancestor (D:4)
  A howler monkey skeleton (D:4)
  4 worms
  4 leopard geckos
  10 orcs
  3 giant cockroaches
  15 goblins
  12 hobgoblins
  7 jackals
  4 quokkas
  A ball python (D:3)
  8 bats
  6 frilled lizards
  5 kobolds (D:1)
  4 rats
102 creatures vanquished.

Vanquished Creatures (collateral kills)
  An orc wizard (D:4)
  2 orcs (D:4)
  A frilled lizard (D:4)
4 creatures vanquished.

Vanquished Creatures (others)
  An ancestor (D:4)
1 creature vanquished.

Grand Total: 107 creatures vanquished

Notes
Turn   | Place    | Note
-------+----------+-------------------------------------------
     0 | D:1      | Snilbus the Tengu Air Elementalist began the quest for the
                  | Orb.
     0 | D:1      | Reached XP level 1. HP: 10/10 MP: 4/4
   421 | D:1      | Reached XP level 2. HP: 14/15 MP: 1/6
  1693 | D:1      | Learned a level 2 spell: Swiftness
  1948 | D:2      | Reached XP level 3. HP: 17/19 MP: 2/7
  2189 | D:2      | Learned a level 3 spell: Static Discharge
  2516 | D:2      | Reached skill level 5 in Air Magic
  2610 | D:2      | Noticed Robin
  2635 | D:2      | Killed Robin
  2645 | D:2      | Noticed Jessica
  2675 | D:2      | Reached XP level 4. HP: 23/24 MP: 4/8
  2820 | D:2      | Killed Jessica
  3392 | D:3      | Gained mutation: You can fly continuously. [Tengu growth]
  3392 | D:3      | Reached XP level 5. HP: 21/28 MP: 2/9
  3656 | D:3      | Reached skill level 6 in Air Magic
  4534 | D:3      | Reached skill level 5 in Conjurations
  4973 | D:4      | Found an ornate altar of the Wu Jian Council.
  4979 | D:4      | Found a staircase to the Ecumenical Temple.
  4986 | D:4      | Reached XP level 6. HP: 32/32 MP: 6/10
  4989 | D:4      | Reached skill level 7 in Air Magic
  5000 | Temple   | Entered the Ecumenical Temple
  5276 | Temple   | Became a worshipper of Hepliaklqana the Forgotten
  5879 | D:4      | Noticed Ijyb
  5896 | D:4      | Found a shadowy altar of Dithmenos.
  5897 | D:4      | Killed Ijyb
  6236 | D:4      | Found a shattered altar of Ashenzari.
  6333 | D:4      | Noticed Menkaure
  6357 | D:4      | Reached XP level 7. HP: 22/32 MP: 2/11
  6544 | D:4      | Noticed Edmund
  6557 | D:4      | Killed Edmund
  6557 | D:4      | Reached skill level 8 in Air Magic
  6823 | D:4      | Slain by Menkaure

Skill      XL: |  1  2  3  4  5  6  7 |
---------------+----------------------+-----
Conjurations   | 2 3 4 5 6 7 |  7.2
Air Magic      | 5 6 7 8 |  8.2
Dodging        | |  2.1
Stealth        | |  2.0
Spellcasting   | |  2.0

Action                   |  1- 3 |  4- 6 |  7- 9 || total
-------------------------+-------+-------+-------++-------
Melee: Unarmed           |     4 |       |       ||     4
       Kick              |     5 |    17 |       ||    22
       Short sword       |     4 |       |       ||     4
       Whip              |    12 |    62 |       ||    74
       Peck              |     3 |     9 |       ||    12
       Club              |     1 |     4 |       ||     5
       Hand axe          |     1 |       |       ||     1
 Cast: Shock             |    46 |    85 |    13 ||   144
       Swiftness         |     2 |     2 |     1 ||     5
       Static Discharge  |     5 |    10 |     2 ||    17
Invok: Ancestor Identity |       |     1 |       ||     1
 Abil: Fly               |       |     1 |       ||     1
       Stop Flying       |       |     1 |       ||     1
Evoke: Wand              |     3 |     3 |     5 ||    11
  Use: Potion            |     1 |     1 |       ||     2
       Scroll            |     4 |     1 |       ||     5
 Stab: Sleeping          |     1 |     3 |       ||     4
  Eat: Ration            |     1 |     2 |     1 ||     4
       Chunk             |     3 |     8 |       ||    11
Armor: Robe              |    16 |    17 |       ||    33
       Ring mail         |     3 |       |       ||     3
Dodge: Dodged            |    31 |    74 |     1 ||   106
